 Dungeon Crawl Stone Soup version 0.24.0-7-gb3623d2c88 (webtiles) character file.

Game seed: 5337259732952716164, levelgen mode: deterministic

23 Aviak the Skirmisher (level 2, -1/26 HPs)
             Began as a Draconian Abyssal Knight on Nov 2, 2019.
             Was a Believer of Lugonu.
             Slain by a gnoll
             ... wielding a +2 spear of pain
              (9 damage)
             ... on level 2 of the Dungeon.
             The game lasted 00:00:48 (664 turns).

Aviak the Skirmisher (Draconian Abyssal Knight)      Turns: 664, Time: 00:00:49

Health: -1/26      AC:  5    Str: 19    XL:     2   Next: 75%
Magic:  3/3        EV: 12    Int: 12    God:    Lugonu [**....]
Gold:   80         SH:  0    Dex: 10    Spells: 1/1 levels left

rFire    . . .     SeeInvis .   a - +1 spear
rCold    . . .     Gourm    .   (no shield)
rNeg     . . .     Faith    .   (armour unavailable)
rPois    .         Spirit   .   (helmet restricted)
rElec    .         Reflect  .   j - +0 cloak (curse)
rCorr    .         Harm     .   (no gloves)
MR       .....                  (no boots)
Stlth    +.........             (no amulet)
HPRegen  0.08/turn              (no ring)
MPRegen  0.08/turn              (no ring)

@: mighty, flying
A: unfitting armour, cold-blooded, AC +4
a: Depart the Abyss, Bend Space, Renounce Religion


You were on level 2 of the Dungeon.
You worshipped Lugonu.
Lugonu was pleased with you.
You were not hungry.

You visited 1 branch of the dungeon, and saw 2 of its levels.
You visited the Abyss 1 time.

You collected 80 gold pieces.

Inventory:

Hand Weapons
 a - a +1 spear (weapon)
Armour
 j - a cursed +0 cloak (worn)
Scrolls
 c - a scroll of identify {unknown}
 e - a scroll of magic mapping {unknown}
 f - a scroll of teleportation {unknown}
 h - a scroll of enchant armour {unknown}
 k - a scroll of blinking {unknown}
Comestibles
 b - 2 rations


   Skills:
 + Level 3.6 Fighting
 + Level 2.3 Polearms
 + Level 2.4 Dodging
 + Level 2.4 Invocations


You had one spell level left.
You didn't know any spells.
Your spell library was empty.

Dungeon Overview and Level Annotations

Branches:
Dungeon (2/15)

Altars:

Annotations:
D:2 Terence


Innate Abilities, Weirdness & Mutations

Your plain brown scales are hard. (AC +4)
You cannot fit into any form of body armour.
You are cold-blooded and may be slowed by cold attacks.


Message History

It was a potion of curing.
You feel better. Terence hits you with a +0 short sword.
The gnoll hits you from afar with a +2 spear of pain.
You hit Terence.
Terence is moderately wounded.
Terence splashes around in the water.
The gnoll hits you from afar with a +2 spear of pain.
You writhe in agony.
It was a potion of might.
You feel very mighty all of a sudden.
Terence splashes around in the water.
The gnoll hits you from afar with a +2 spear of pain.
You closely miss Terence.
Terence is moderately wounded.
Terence splashes around in the water.
The gnoll completely misses you.
You closely miss Terence.
Terence is moderately wounded.
Terence splashes around in the water.
The gnoll hits you from afar with a +2 spear of pain!
You die...

....# .. ....#
..###...# #
#...#?.# #.
#.⌠.#..#####
#≈≈ ...#......#
≈≈≈≈###≈......#
≈≈≈≈≈≈≈.......#
≈≈≈≈≈≈≈.@.....#
≈≈≈###@...<..#
#!gg#......#
#.lg#.#.####
#...#.#..#
..###..##.# ..$
...# .# .#.
##### .. .


You could see Terence, 3 gnolls and a frilled lizard.

Vanquished Creatures
  2 leopard geckos (D:1)
  2 bats (D:1)
  2 giant cockroaches (D:1)
  4 hobgoblins (D:1)
  A kobold (D:1)
  A frilled lizard (D:2)
  3 goblins (D:1)
  4 rats (D:1)
19 creatures vanquished.

Vanquished Creatures (others)
  A minotaur (D:1)
  A draconian (D:1)
  2 octopodes (D:1)
  A vampire (D:1)
  A formicid (D:1)
  A spriggan (D:1)
  2 humans (D:1)
  2 dwarves (D:1)
  2 mummies (D:1)
  2 kobolds (D:1)
  6 tentacles (D:1)
21 creatures vanquished.

Grand Total: 40 creatures vanquished

Notes
Turn   | Place    | Note
-------+----------+-------------------------------------------
     0 | Abyss:1  | Aviak the Draconian Abyssal Knight began the quest for the
                  | Orb.
     0 | Abyss:1  | Reached XP level 1. HP: 19/19 MP: 2/2
     8 | D:1      | Escaped the Abyss
    11 | D:1      | Noticed an octopode
    11 | D:1      | Noticed an octopode
    11 | D:1      | Noticed a formicid
    11 | D:1      | Noticed a dwarf
    11 | D:1      | Noticed a draconian
    11 | D:1      | Noticed a kraken
    11 | D:1      | Noticed a human
    11 | D:1      | Noticed a spriggan
    11 | D:1      | Noticed a dwarf
    11 | D:1      | Noticed a vampire
    11 | D:1      | Noticed a minotaur
    11 | D:1      | Noticed a human
    14 | D:1      | Killed an octopode
    14 | D:1      | Killed a human
    16 | D:1      | Killed a dwarf
    17 | D:1      | Killed an octopode
    19 | D:1      | Killed a human
    19 | D:1      | Killed a vampire
    20 | D:1      | Killed a minotaur
    20 | D:1      | Killed a dwarf
    20 | D:1      | Killed a formicid
    21 | D:1      | Killed a spriggan
    23 | D:1      | Killed a draconian
    79 | D:1      | Reached XP level 2. HP: 24/26 MP: 3/3
   552 | D:1      | Reached ** piety under Lugonu
   647 | D:2      | Noticed Terence
   664 | D:2      | Slain by a gnoll

Levels and vault maps discovered:
D:1:      nicolae_arrival_kraken_aquarium_b, layout_loops_ring,
          roderic_cross_of_infinity
D:2:      layout_rooms, gammafunk_temple_overflow_arena,
          grunt_temple_overflow_opulence, chequers_mini_garden,
          minmay_misc_feat_cross, ebering_dispersal_statue_hall, fountainhead,
          uniq_crazy_yiuf_cottage, uniq_robin, uniq_sigmund, uniq_terence

Action                   || total
-------------------------++-------
Melee: Spear             ||    53
       Tailslap          ||     2
  Use: Potion            ||     3
Armor: Skin              ||    11
Dodge: Dodged            ||    23
